 Dungeon Crawl Stone Soup version 0.27-a0-1242-ge70438ac7b (webtiles) character file.

Game seed: 1013545612134987868

77 EnegeticOcto the Cudgeller (level 4, -3/31 HPs)
             Began as a Demonspawn Chaos Knight on June 8, 2021.
             Was a Plaything of Xom.
             Killed from afar by Ijyb (9 damage)
             ... with a bolt of acid
             ... on level 3 of the Dungeon on June 9, 2021.
             The game lasted 00:02:38 (2487 turns).

EnegeticOcto the Cudgeller (DsCK)                   Turns: 2487, Time: 00:02:40

Health: -3/31      AC:  5    Str: 13      XL:     4   Next: 13%
Magic:  4/4        EV: 11    Int: 10 (12) God:    Xom [......]
Gold:   98         SH:  0    Dex: 10 (12) Spells: 3/3 levels left

rFire    . . .     SeeInvis .   a - +0 mace (chaos)
rCold    . . .     Faith    .   (no shield)
rNeg     . . .     Spirit   .   b - +2 leather armour
rPois    .         Reflect  .   (no helmet)
rElec    .         Harm     .   (no cloak)
rCorr    .         Rampage  .   (no gloves)
Will     .....                  (no boots)
Stlth    +.........             (no amulet)
HPRegen  0.10/turn              (no ring)
MPRegen  0.09/turn              (no ring)

@: no status effects
A: hooves 2, deterioration 2, dopey 1, frail 1
a: Renounce Religion


You were on level 3 of the Dungeon.
You worshipped Xom.
You were a very special plaything of Xom.
You visited 1 branch of the dungeon, and saw 3 of its levels.

You collected 98 gold pieces.

Inventory:

Hand Weapons
 a - a +0 mace of chaos (weapon)
Armour
 b - a +2 leather armour (worn)
 j - a +0 scale mail
   (You found it on level 2 of the Dungeon)
Scrolls
 c - a scroll of teleportation {unknown}
 d - a scroll of vulnerability {unknown}
 e - a scroll of enchant armour {unknown}
 f - 2 scrolls of identify {unknown}
 h - a scroll of fog {unknown}
 k - a scroll of holy word {unknown}
Potions
 g - a potion of mutation {unknown}
 i - a potion of might {unknown}


   Skills:
 - Level 3.0 Fighting
 + Level 4.5 Maces & Flails
 - Level 1.7 Armour
 - Level 0.8 Dodging


You had 3 spell levels left.
You didn't know any spells.
Your spell library was empty.

Dungeon Overview and Level Annotations

Branches:
Dungeon (3/15)

Altars:
Vehumet

Shops:
D:1 :   D:2 :

Annotations:
D:3 Ijyb


Innate Abilities, Weirdness & Mutations

You have hoof-like feet.
Your body often deteriorates upon taking damage.
You are dopey. (Int -2)
You are frail. (-10% HP)


Message History

The jackal is almost dead.
The jackal barely misses you. The kobold misses you.
You hit the jackal.
You kill the jackal!
The kobold hits you but does no damage.
You hit the kobold. You drain the kobold.
You kill the kobold!
No target in view!
No target in view!
No target in view!
Things that are here:
a +0 dagger; 5 stones; a kobold corpse
Things that are here:
a jackal corpse; a jackal corpse You see here a +0 scale mail.
Okay, then.
You see here a +0 scale mail.
You start removing your armour.
You continue taking off your +2 leather armour. x4
You hear Xom's maniacal laughter.
You feel clumsy.
You finish taking off your +2 leather armour.
You start putting on your armour.
You continue putting on your +0 scale mail. x5
You finish putting on your +0 scale mail.
There is a stone staircase leading up here.
Found a stone staircase leading down and a stone staircase leading up.
There is a stone staircase leading down here.
There is a stone staircase leading up here.
Done exploring.
Done exploring.
No target in view!
No target in view!
You start removing your armour.
You continue taking off your +0 scale mail. x4
You finish taking off your +0 scale mail.
You start putting on your armour.
You continue putting on your +2 leather armour. x5
You finish putting on your +2 leather armour.
Search for what [Enter for "."]? .
(D) Dungeon
Where to? (Enter - D:2, ? - help)
There is a stone staircase leading down here.
You climb downwards.
There is a stone staircase leading up here.
Found a stone staircase leading up.
Found a stone staircase leading down.
You now have 86 gold pieces (gained 7).
You now have 98 gold pieces (gained 12).
k - a scroll labelled QIEGEA JUMEM
There is a stone staircase leading up here.
A bat comes into view.
The bat moves out of view.
A bat is nearby!
A bat is nearby!
The bat hits you but does no damage. The bat hits you.
Found a hunting sling.
The bat hits you but does no damage.
A rat comes into view.
The bat hits you. The bat misses you. The bat completely misses you.
The bat closely misses you. The bat hits you but does no damage.
You hit the bat. Lightning courses through the bat!!
You kill the bat!
The rat barely misses you.
You barely miss the rat. The rat bites you.
You barely miss the rat. The rat closely misses you. The rat misses you.
You barely miss the rat. The rat bites you but does no damage.
You closely miss the rat. The rat bites you but does no damage.
You hit the rat. Lightning courses through the rat!
You kill the rat!
No target in view!
HP restored.
You see here a bat corpse.
Ijyb the Twisted Goblin comes into view.
She is wielding a +0 dagger and carrying a wand of acid (7).
Ijyb shouts!
Ijyb screams, "Get away!"
Okay, then.
You see here a bat corpse.
A phantom comes into view.
You see here a rat corpse.
You aren't carrying any items that you can evoke.
Unknown command.
Okay, then.
Ijyb zaps a wand.
The bolt of acid hits you!!
Ouch! That really hurt!
Your body deteriorates!
You feel clumsy.
You are splashed with acid!
* * * LOW HITPOINT WARNING * * *
Your body deteriorates!
You feel dopey.
You see here a bat corpse.
You are too injured to fight recklessly!
Ijyb closely misses you.
You barely miss Ijyb. Ijyb closely misses you.
You hit Ijyb. You drain Ijyb.
Ijyb is moderately wounded.
Ijyb zaps a wand.
The bolt of acid hits you!
You die...
Xom snickers!

#.. ... #.# .. ####
#.# .# #
##...##.###.###.# ..
....)............
..g.........†..#
##..
.###......####.#
#.... #.†..W.......
#....###@###..####.#
#.....g.# #..####.#
##...#### #......#
##.# #.#####.# #.
#.......# #
#.########.# #.# #..
#.# #.# #.# ### #.#


You could see a phantom and Ijyb (drained).

Vanquished Creatures
  3 adders (D:2)
  A worm (D:2)
  A dart slug (D:1)
  6 endoplasms
  5 giant cockroaches
  4 hobgoblins
  4 jackals (D:2)
  4 kobolds
  2 quokkas (D:1)
  6 ball pythons
  3 bats
  A goblin (D:1)
  5 rats
45 creatures vanquished.

Notes
Turn   | Place    | Note
-------+----------+-------------------------------------------
     0 | D:1      | EnegeticOcto the Demonspawn Chaos Knight began the quest
                  | for the Orb.
     0 | D:1      | Reached XP level 1. HP: 18/18 MP: 1/1
     0 | D:1      | Upgraded the game from 0.27-a0-1230-gfc7c993222 to
                  | 0.27-a0-1242-ge70438ac7b
     9 | D:1      | XOM: silly message
    79 | D:1      | Reached skill level 3 in Maces & Flails
   181 | D:1      | Found Wuczy's Book Emporium.
   353 | D:1      | Gained mutation: You have large cloven feet. [demonic
                  | ancestry]
   353 | D:1      | Reached XP level 2. HP: 20/24 MP: 2/2
   425 | D:1      | XOM: silly message
   782 | D:1      | XOM: summons 3 hostile shadow creatures
  1087 | D:1      | XOM: give mutations
  1087 | D:1      | Gained mutation: You are dopey. (Int -2) [Xom's mischief]
  1087 | D:1      | Gained mutation: Your body sometimes deteriorates upon
                  | taking damage. [Xom's mischief]
  1087 | D:1      | Gained mutation: You are frail. (-10% HP) [Xom's mischief]
  1159 | D:1      | Found a faded altar of an unknown god.
  1380 | D:2      | Reached XP level 3. HP: 26/26 MP: 3/3
  1411 | D:2      | XOM: give mutation
  1411 | D:2      | Gained mutation: Your body often deteriorates upon taking
                  | damage. [Xom's mischief]
  1416 | D:2      | Reached skill level 4 in Maces & Flails
  1418 | D:2      | Found a radiant altar of Vehumet.
  1462 | D:2      | XOM: 5-stop teleportation journey
  1469 | D:2      | XOM: confusion (+ monsters)
  1629 | D:2      | XOM: 1-stop teleportation journey
  1952 | D:2      | Found Qixia's Book Shop.
  1976 | D:2      | Gained mutation: You have hoof-like feet. [demonic
                  | ancestry]
  1976 | D:2      | Reached XP level 4. HP: 31/31 MP: 4/4
  2064 | D:2      | XOM: silly message
  2203 | D:2      | XOM: stat loss: -1 Dex (11/12)
  2477 | D:3      | Noticed Ijyb
  2481 | D:3      | Noticed a phantom
  2487 | D:3      | Killed from afar by Ijyb

Illustrated notes

Levels and vault maps discovered:
D:1:      lightli_arrival_quake, layout_basic, ebering_ecumenical_altar_box,
          serial_aquarium, aquarium_bridge_square [aquarium_subvault_bridge,
          aquarium_subvault_wall, aquarium_subvault_bridge,
          aquarium_subvault_bridge], aquarium_bridge_square
          [aquarium_subvault_window, aquarium_subvault_bridge,
          aquarium_subvault_bridge, aquarium_subvault_window],
          aquarium_window_fake, aquarium_window_2, aquarium_view_2b,
          aquarium_balcony_1a, aquarium_pool_side, serial_shops,
          nicolae_shop_temple_entry_statues_fountains, minmay_misc_feat_alley,
          minmay_fountain_box, minmay_misc_feat_square,
          minmay_misc_feat_enclosed
D:2:      layout_rooms, serial_shops, shop, basic_altar
D:3:      layout_loops_ring, uniq_ijyb

Skill      XL: |  1  2  3 |
---------------+----------+-----
Maces & Flails | 3 4 |  4.5
Fighting       | |  3.0
Armour         | |  1.7
Dodging        | |  0.8

Action                   |  1- 3 |  4- 6 || total
-------------------------+-------+-------++-------
Melee: Mace              |   104 |    17 ||   121
       Kick              |    16 |     3 ||    19
 Stab: Sleeping          |     1 |       ||     1
Armor: Leather armour    |    33 |    13 ||    46
Dodge: Dodged            |    89 |    15 ||   104

Table legend: (Time is in decaauts)
 A = Elapsed time spent in this place.
 B = Non-inter-level travel time spent in this place.
 C = Inter-level travel time spent in this place.
 D = Time resting spent in this place.
 E = Time spent auto-exploring this place.
 F = Levels seen in this place.
 G = Mean time per level.
                   A        B        C        D        E       F      G
               +--------+--------+--------+--------+--------+-----+--------+
         Total |   2512 |   2453 |     59 |      0 |   2116 |   3 |  837.3 |
       Dungeon |   2512 |   2453 |     59 |      0 |   2116 |   3 |  837.3 |
               +--------+--------+--------+--------+--------+-----+--------+

Top non-repeatable levels by time:
     D:1: 1392 daAuts
     D:2: 993 daAuts
     D:3: 127 daAuts
